[Event "Late-Titled-Tuesday-Blitz-August-29-2023"]
[Site "Chess.com"]
[Date "2023.08.29"]
[Round "6"]
[White "Onthequiet"]
[Black "ErikRonka"]
[Result "0-1"]
[WhiteElo "2371"]
[BlackElo "2496"]
[TimeControl "180+1"]
[EndTime "15:05:24 PDT"]
[Termination "ErikRonka won by checkmate"]

1. e4 g6 2. d4 Bg7 3. c3 d5 4. e5 c5 5. Nf3 Nc6 6. h3 Nh6 7. Be2 cxd4 8. cxd4 O-O 9. O-O Nf5 10.
Na3 Qb6 11. Nc2 Bd7 12. g4 Nh6 13. b4 f6 14. exf6 exf6 15. Rb1 Nf7 16. Bf4 Rfe8 17. a4 Ncd8 18. a5 Qe6 19. Bd3 Nd6 20. Re1 Ne4 21.
b5 Qf7 22. Rb3 Ne6 23. Be3 f5 24. Ne5 Bxe5 25. dxe5 f4 26. Bc1 N6c5 27. Rb4 h5 28.
f3 Ng3 29. e6 Rxe6 30. Rxf4 Qe7 31. Rxe6 Qxe6 32. Nd4 Qe5 33. Bxg6 h4 34. Bb1 Re8 35.
Qc2 Qe1+ 36. Kh2 Qh1# 0-1

[Event "Late-Titled-Tuesday-Blitz-August-29-2023"]
[Site "Chess.com"]
[Date "2023.08.29"]
[Round "6"]
[White "MaxLeto"]
[Black "trriinu"]
[Result "0-1"]
[WhiteElo "2403"]
[BlackElo "2217"]
[TimeControl "180+1"]
[EndTime "15:05:24 PDT"]
[Termination "trriinu won by checkmate"]

1. g4 g6 2. Bg2 Bg7 3. d4 d5 4. g5 c6 5. h4 h5 6. c3 e5 7. dxe5 Bxe5 8. Nf3 Bg7 9. Bf4 Nd7 10. Nbd2 Ne7 11.
Qc2 O-O 12. O-O-O Qa5 13. Kb1 Nc5 14. Bd6 Bf5 15. Bxe7 Bxc2+ 16. Kxc2 Rfe8 17. Bd6 Ne4 18. Nxe4 dxe4 19. Nd4 Qxa2 20. Ba3 Rad8 21. Nb3 a6 22.
Ra1 Rd2+ 23. Kxd2 Qxb3 24. Ke3 Qb6+ 25. Kd2 Rd8+ 26. Kc2 Qb5 27. Rhe1 Qa4+ 28. b3 Qa5 29. Bb4 Qe5 30. Rad1 Rxd1 31. Rxd1 f5 32. c4 Qb2# 0-1

[Event "Late-Titled-Tuesday-Blitz-August-29-2023"]
[Site "Chess.com"]
[Date "2023.08.29"]
[Round "6"]
[White "pedromartinez91"]
[Black "viktorskliarov"]
[Result "0-1"]
[WhiteElo "2510"]
[BlackElo "2696"]
[TimeControl "180+1"]
[EndTime "15:05:27 PDT"]
[Termination "viktorskliarov won by resignation"]

1. e4 c5 2. Nf3 Nc6 3. d4 cxd4 4. Nxd4 Nf6 5. Nc3 e5 6. Ndb5 d6 7. Bg5 a6 8. Na3 b5 9. Nd5 Be7 10. Bxf6 Bxf6 11. c3 O-O 12. Nc2 Rb8 13. h4 g6 14.
g3 Bg7 15. h5 Be6 16. Nce3 Ne7 17. Nxe7+ Qxe7 18. Nd5 Bxd5 19. Qxd5 b4 20. hxg6 hxg6 21. c4 b3 22. a3 Rfc8 23. O-O-O Rb6 24. Kb1 Qf6 25.
Qd2 Qf3 26. Bd3 Rc5 27. Qe2 Qxe2 28. Bxe2 a5 29. a4 Bf8 30. g4 Be7 31. Rh3 Bg5 32.
Rd5 Kg7 33. Rhd3 Rxc4 34. Rxb3 Rcb4 35. Rxb4 Rxb4 36. Bb5 Rxe4 37. Rxd6 Rxg4 38. Rd7 Rf4 39. b3 Rxf2 40. b4 axb4 41. a5 Be3 42. a6 Bd4 43. a7 Rb2+ 44. Kc1 Ra2 45. Rxd4 exd4 0-1

[Event "Late-Titled-Tuesday-Blitz-August-29-2023"]
[Site "Chess.com"]
[Date "2023.08.29"]
[Round "6"]
[White "Road2GM3000"]
[Black "Berardino"]
[Result "0-1"]
[WhiteElo "2505"]
[BlackElo "2684"]
[TimeControl "180+1"]
[EndTime "15:05:27 PDT"]
[Termination "Berardino won by checkmate"]

1. d4 Nf6 2. c4 g6 3. Nc3 Bg7 4. e4 d6 5. f4 O-O 6. Nf3 c5 7. d5 e6 8. Be2 exd5 9. exd5 Bf5 10. O-O Ne4 11. Nxe4 Bxe4 12. Bd3 Bxd3 13. Qxd3 Nd7 14. f5 Ne5 15. Nxe5 Bxe5 16. Qh3 Re8 17. Kh1 b6 18.
Bh6 Bxb2 19. Rab1 Bd4 20. Rb3 Qe7 21. Rbf3 Qe2 22. Qg4 Re4 23. fxg6 hxg6 24. Qd7 Re7 25. Qxd6 Rae8 26. Qg3 Qe5 27. Bf4 Qe2 28. h3 Qxc4 29. Bd6 Re3 30. Qf4 Rxf3 31. Rxf3 Qxd5 32. Qg3 Qe4 33.
Bf4 Qe1+ 34. Kh2 Bg1+ 35. Kh1 Bf2+ 36. Kh2 Qg1# 0-1

[Event "Late-Titled-Tuesday-Blitz-August-29-2023"]
[Site "Chess.com"]
[Date "2023.08.29"]
[Round "6"]
[White "Eloist"]
[Black "rochaaaaaaaaaa"]
[Result "0-1"]
[WhiteElo "2447"]
[BlackElo "2249"]
[TimeControl "180+1"]
[EndTime "15:05:27 PDT"]
[Termination "rochaaaaaaaaaa won by resignation"]

1. e4 c6 2. Nf3 d5 3. Nc3 dxe4 4.
Nxe4 Nf6 5. Ng3 Bg4 6. h3 Bxf3 7. Qxf3 e6 8. c3 Be7 9. d4 O-O 10. Bd3 Qd5 11. Ne4 Nbd7 12. O-O Rad8 13. Re1 Rfe8 14. Be3 Qh5 15. g4 Qa5 16. a4 Nxe4 17. Qxe4 Nf6 18.
Qg2 Qd5 19. g5 Qxg2+ 20. Kxg2 Nd5 21. Bd2 Bd6 22. Re4 Ne7 23. Rae1 g6 24. h4 Nf5 25. h5 Bc7 26. hxg6 hxg6 27. Bf4 Bxf4 28. Rxf4 Kg7 29. Bxf5 gxf5 30. Rh4 Rh8 31. Rxh8 Rxh8 32. Kg3 Kg6 33. Kf4 Rh4+ 34. Ke5 Kxg5 35. a5 Rh2 36. Re2 Kg4 37. a6 bxa6 38. Kd6 Kf3 39. Re5 Rxf2 40. Kxc6 Rxb2 41.
c4 Kg4 42. d5 exd5 43. cxd5 f4 44. d6 Rb6+ 45. Kc7 Rxd6 46. Kxd6 f3 47. Re1 f2 48.
Ra1 Kg3 49. Ke5 Kg2 50. Kf6 f1=Q+ 51. Rxf1 Kxf1 52. Kxf7 a5 53. Ke6 a4 54. Kd5 a3 55.
Kc4 a2 0-1

[Event "Late-Titled-Tuesday-Blitz-August-29-2023"]
[Site "Chess.com"]
[Date "2023.08.29"]
[Round "6"]
[White "Training_Day"]
[Black "TanitoluwaAps116"]
[Result "0-1"]
[WhiteElo "2479"]
[BlackElo "2771"]
[TimeControl "180+1"]
[EndTime "15:05:28 PDT"]
[Termination "TanitoluwaAps116 won on time"]

1. e4 c5 2. b3 Nf6 3. e5 Nd5 4.
Bb2 e6 5. Nf3 Nc6 6. c4 Nde7 7.
Nc3 Nf5 8. Bd3 Nfd4 9. Nxd4 cxd4 10. Nb5 Nxe5 11. Be4 d5 12. Bxd4 Nc6 13. cxd5 Nxd4 14. Nxd4 exd5 15. Bf3 Bc5 16. Qe2+ Qe7 17. Qxe7+ Kxe7 18.
Nb5 Be6 19. O-O Rac8 20. Rfe1 Rhd8 21. Nc3 Kf6 22. Rac1 Ba3 23. Rcd1 a6 24. h4 g6 25.
g3 Bb4 26. Rc1 Rc6 27. Kg2 Ba3 28. Rcd1 Bb4 29. Rc1 Kg7 30. Rcd1 Bxc3 31. dxc3 Rxc3 32. Rd2 b5 33. Red1 Rc6 34. Bxd5 Rcd6 35. Bxe6 Rxd2 36. Rxd2 Rxd2 37. Bc8 Rxa2 38. Bb7 a5 39. Bc6 a4 40. bxa4 b4 41. Bd5 Rxa4 42. Bb3 Ra3 43. Bc4 b3 44.
Bd3 b2 45. Be4 Ra1 0-1

[Event "Late-Titled-Tuesday-Blitz-August-29-2023"]
[Site "Chess.com"]
[Date "2023.08.29"]
[Round "6"]
[White "Mbneu"]
[Black "Witik"]
[Result "0-1"]
[WhiteElo "2274"]
[BlackElo "2763"]
[TimeControl "180+1"]
[EndTime "15:05:28 PDT"]
[Termination "Witik won on time"]

1. d4 Nf6 2. c4 g6 3. Nc3 Bg7 4. e4 d6 5. f4 O-O 6. Nf3 Bg4 7. Be2 Nfd7 8. O-O Nc6 9. d5 Bxf3 10. Bxf3 Nd4 11. Be3 c5 12. dxc6 Nxf3+ 13. Qxf3 bxc6 14. Rad1 Qa5 15. Bd4 Bxd4+ 16. Rxd4 Nc5 17. Kh1 Rab8 18. b3 Ne6 19. Rd3 Qb4 20. f5 Nc5 21. Re3 Nd7 22. Qf4 Qa5 23. Rh3 Qe5 24. Qh6 Qg7 25. Qh4 g5 26. Qh5 Nf6 27. Qe2 h5 28. Nd1 g4 29.
Rd3 Qg5 30. e5 dxe5 31. Qxe5 Rbd8 32. Nf2 Rxd3 33. Nxd3 Rd8 34. Nc5 Rd2 35. a4 h4 36.
a5 g3 37. h3 Rf2 38. Rg1 Rxf5 39. Qb8+ Kg7 40. Nd3 Qe3 41. Ne1 Ne4 0-1

[Event "Late-Titled-Tuesday-Blitz-August-29-2023"]
[Site "Chess.com"]
[Date "2023.08.29"]
[Round "6"]
[White "MusicCityMaster"]
[Black "lefonghua"]
[Result "0-1"]
[WhiteElo "2450"]
[BlackElo "2648"]
[TimeControl "180+1"]
[EndTime "15:05:29 PDT"]
[Termination "lefonghua won on time"]

1. e4 c5 2. Nf3 g6 3. d3 Bg7 4. g3 Nc6 5. Bg2 d6 6. O-O Nf6 7. Re1 O-O 8. c3 Nd7 9. d4 Rb8 10. a4 a6 11. d5 Nce5 12. Nh4 b5 13. axb5 axb5 14. f4 Nc4 15. b3 Na5 16. Bb2 b4 17. e5 bxc3 18. Bxc3 Nxb3 19. Ra3 c4 20. Nd2 Nxd2 21.
Qxd2 Rb3 22. Rxb3 cxb3 23. e6 Bxc3 24. Qxc3 Qb6+ 25. Kh1 fxe6 26. dxe6 Nc5 27. f5 gxf5 28. Qe3 Bxe6 29. Qg5+ Kf7 30. Qh5+ Kg7 31. Qg5+ Kh8 32.
Qxe7 Qd8 33. Rxe6 Nxe6 34. Qxe6 b2 35. Qe1 Qf6 36. Nf3 Rc8 37. Ng1 Rc1 38. Qe8+ Kg7 39. Bd5 Rxg1+ 40. Kxg1 b1=Q+ 41. Kg2 Qbb2+ 42. Kf3 Qfc3+ 43.
Kf4 Qe5+ 44. Kg5 Qxe8 0-1

[Event "Late-Titled-Tuesday-Blitz-August-29-2023"]
[Site "Chess.com"]
[Date "2023.08.29"]
[Round "6"]
[White "platy3"]
[Black "djano"]
[Result "1-0"]
[WhiteElo "2904"]
[BlackElo "2572"]
[TimeControl "180+1"]
[EndTime "15:05:30 PDT"]
[Termination "platy3 won by resignation"]

1. e4 c5 2. Nf3 Nc6 3. d4 cxd4 4. Nxd4 g6 5. c4 Bg7 6. Be3 Qb6 7. Nb5 Qa5+ 8.
N5c3 Nf6 9. f3 O-O 10. Nd2 Qb4 11. Rb1 d6 12. Be2 Nd7 13. a3 Qa5 14. b4 Qd8 15. Nd5 e6 16. Nf4 Bh6 17. g3 e5 18. Nd5 Bxe3 19. Nxe3 a5 20. Nd5 axb4 21. axb4 Nb6 22. Nc3 Nd4 23. O-O Be6 24. Nd5 Ra2 25. Rf2 Nxd5 26.
cxd5 Bd7 27. Bc4 Ra3 28. Bf1 Qa8 29. Nc4 Ra2 30. Rxa2 Qxa2 31. Rb2 Qa7 32. Rf2 Bb5 33. Nxd6 Bxf1 34. Qxf1 Qb6 35. Nc4 Qxb4 36. Nxe5 Qb6 37. Nd7 Qd6 38. Nxf8 Kxf8 39. Qc4 Qb6 40. Kg2 h5 41.
Rd2 Nb3 42. Rb2 Na5 43. Qc8+ 1-0

[Event "Late-Titled-Tuesday-Blitz-August-29-2023"]
[Site "Chess.com"]
[Date "2023.08.29"]
[Round "6"]
[White "Hippotaner"]
[Black "MYMChessAcademy"]
[Result "0-1"]
[WhiteElo "2378"]
[BlackElo "2241"]
[TimeControl "180+1"]
[EndTime "15:05:30 PDT"]
[Termination "MYMChessAcademy won by resignation"]

1. d4 d5 2. Nf3 Nf6 3. g3 e6 4.
Bg2 Be7 5. O-O O-O 6. c4 c6 7. Nc3 Nbd7 8. Qd3 Nb6 9. b3 a5 10. a4 Bb4 11. Bb2 c5 12. cxd5 exd5 13. Na2 c4 14. bxc4 Nxc4 15. Nxb4 axb4 16. Bc1 Bd7 17. Ne5 Bxa4 18. Nxc4 Bb5 19. Rxa8 Qxa8 20. Qb3 Bxc4 21. Qxb4 Bxe2 22. Re1 Bc4 23. Bg5 Nd7 24. Bh3 Nb8 25.
Re7 Nc6 26. Qxb7 Qa1+ 27. Kg2 Nxd4 28. g4 Qf1+ 29. Kg3 Ne2+ 30. Kh4 Qxf2+ 31. Kh5 Qxh2 32. Re3 Qd6 33. Qe7 Qg6+ 34. Kh4 h6 35. Rxe2 hxg5+ 36. Kg3 Bxe2 37. Qxe2 Qe4 38. Qd2 Re8 39. Qxg5 Qe3+ 40.
Kh4 Qf2+ 41. Kh5 Re6 42. Qd8+ Kh7 43. g5 Qf3+ 44. Kh4 Re4+ 0-1

[Event "Late-Titled-Tuesday-Blitz-August-29-2023"]
[Site "Chess.com"]
[Date "2023.08.29"]
[Round "6"]
[White "KorolDimitriy75"]
[Black "MathiasCasalaspro"]
[Result "0-1"]
[WhiteElo "2341"]
[BlackElo "2228"]
[TimeControl "180+1"]
[EndTime "15:05:32 PDT"]
[Termination "MathiasCasalaspro won on time"]

1. d4 Nf6 2. c4 g6 3. Nc3 Bg7 4. e4 d6 5. Nf3 O-O 6. Be2 e5 7. dxe5 dxe5 8. Qxd8 Rxd8 9. Bg5 Re8 10. O-O-O c6 11.
Nxe5 Nxe4 12. Nxe4 Bxe5 13. f4 Bg7 14. Bf3 Bf5 15. Nd6 Na6 16. Nxe8 Rxe8 17. g4 Be6 18. b3 Nb4 19. Kb1 h6 20. Rd8 Rxd8 21. Bxd8 h5 22. h3 Bh6 23. Bg5 Bg7 24. Rd1 hxg4 25. hxg4 a5 26. Rd8+ Kh7 27. Rb8 f5 28. Rxb7 fxg4 29. Be4 Kg8 30. a3 g3 31. axb4 Bf5 32. Bxf5 g2 33.
Rb8+ Kh7 0-1

[Event "Late-Titled-Tuesday-Blitz-August-29-2023"]
[Site "Chess.com"]
[Date "2023.08.29"]
[Round "6"]
[White "Nick12772"]
[Black "Mariia89"]
[Result "1-0"]
[WhiteElo "2348"]
[BlackElo "1963"]
[TimeControl "180+1"]
[EndTime "15:05:33 PDT"]
[Termination "Nick12772 won on time"]

1. Nf3 c5 2. g3 Nc6 3. d4 cxd4 4. Nxd4 g6 5. Bg2 Bg7 6. Nxc6 bxc6 7. O-O d5 8. c4 e6 9. Nc3 Nf6 10. Bg5 Qb6 11. cxd5 cxd5 12. Qa4+ Bd7 13. Qh4 Ng8 14. Rac1 h6 15. Bxd5 hxg5 16. Qxg5 Rc8 17. Bb3 Bf6 18. Qd2 Ne7 19. Ne4 Be5 20. Rxc8+ Bxc8 21. Rc1 O-O 22. Qg5 f6 23. Qg4 Kf7 24. Qf3 Kg7 25. Nc5 a5 26. Qe3 Qb8 27. Bxe6 Bd6 28. Bxc8 Bxc5 29.
Rxc5 Nxc8 30. Rxa5 Rf7 31. b3 Nd6 32. Qf4 Nf5 33. Qxb8 1-0

[Event "Late-Titled-Tuesday-Blitz-August-29-2023"]
[Site "Chess.com"]
[Date "2023.08.29"]
[Round "6"]
[White "FredddieCroderg"]
[Black "PNEPaul"]
[Result "1-0"]
[WhiteElo "2312"]
[BlackElo "1892"]
[TimeControl "180+1"]
[EndTime "15:05:34 PDT"]
[Termination "FredddieCroderg won on time"]

1. e4 e5 2. Bc4 Nc6 3. Qf3 Qf6 4. Qxf6 Nxf6 5. Nf3 Be7 6. d3 O-O 7. Nc3 d6 8. Bg5 Bg4 9. Ne2 h6 10. Bc1 Be6 11. Bb3 Bxb3 12. axb3 d5 13. Ng3 dxe4 14. dxe4 Nb4 15. Kd1 Rad8+ 16. Bd2 Nc6 17. Kc1 Bc5 18. Be1 Ng4 19. Rf1 Bd6 20. Ra4 a6 21. h3 Nf6 22.
Nf5 Nd7 23. Nxd6 cxd6 24. b4 Nf6 25. Ng1 Nxe4 26. b5 Nc5 27. Rg4 f5 28. Rg6 Kh7 29.
Rg3 Nd4 30. bxa6 bxa6 31. Bc3 f4 32. Rg4 Nb5 33. Bb4 a5 34. Bxc5 dxc5 35. Nf3 Nd4 36. Nxe5 Rfe8 37. Nd3 c4 38. Nxf4 1-0

[Event "Late-Titled-Tuesday-Blitz-August-29-2023"]
[Site "Chess.com"]
[Date "2023.08.29"]
[Round "6"]
[White "FairChess_on_YouTube"]
[Black "vladislavkovalev"]
[Result "1-0"]
[WhiteElo "3074"]
[BlackElo "2926"]
[TimeControl "180+1"]
[EndTime "15:05:35 PDT"]
[Termination "FairChess_on_YouTube won by resignation"]

1. d4 Nf6 2. c4 e6 3. Nf3 d5 4. Bg5 Be7 5. e3 O-O 6. Qc2 b6 7. Nc3 Bb7 8. Rc1 Nbd7 9. cxd5 exd5 10.
Bd3 Re8 11. O-O Ne4 12. Bf4 Bd6 13. Bxd6 cxd6 14. Nb5 a6 15. Qc7 Ndc5 16. dxc5 Nxc5 17. Qxd8 Rexd8 18. Bxh7+ Kxh7 19. Nbd4 a5 20. Rfd1 Rac8 21.
h3 g6 22. Nb5 Ba6 23. Nfd4 Kg7 24. f3 Kf6 25. Nc3 Nd3 26. Nxd5+ Ke5 27. Rxc8 Rxc8 28.
Nxb6 Rc7 29. Na4 f5 30. f4+ Ke4 31. Nc3+ Rxc3 32. bxc3 Kxe3 33. a4 Nxf4 34. Nc6 Nd3 35. Nxa5 d5 36. Nc6 Ke4 37. Nb4 Nb2 38. Re1+ Kf4 39. Nxa6 1-0

[Event "Late-Titled-Tuesday-Blitz-August-29-2023"]
[Site "Chess.com"]
[Date "2023.08.29"]
[Round "6"]
[White "DeTimmerman"]
[Black "Sjakkerntobi"]
[Result "1/2-1/2"]
[WhiteElo "2670"]
[BlackElo "2466"]
[TimeControl "180+1"]
[EndTime "15:05:36 PDT"]
[Termination "Game drawn by repetition"]

1. e4 e6 2. d4 d5 3. Nc3 Bb4 4. Ne2 Nc6 5. a3 Ba5 6. b4 Bb6 7. Bb2 Nge7 8. e5 O-O 9. Na4 Nf5 10. h4 f6 11. g4 Nh6 12. Ng3 fxe5 13. Nxb6 axb6 14. dxe5 d4 15. Bd3 Nxe5 16. Be4 c5 17. g5 Nf5 18. Qe2 Bd7 19. Nxf5 exf5 20. Bxb7 Re8 21. O-O-O Ra7 22. Bd5+ Kh8 23. Kb1 Bc8 24.
c4 Bb7 25. Rhe1 Bxd5 26. cxd5 Rae7 27. Qb5 Qxd5 28. Rxd4 Qf7 29. Rd6 cxb4 30. Rxe5 Rxe5 31. Bxe5 Qb3+ 32. Kc1 Qxa3+ 33. Kd2 Qa2+ 34. Ke1 Qb1+ 35.
Rd1 Qe4+ 36. Kf1 Qh1+ 37. Ke2 Qe4+ 38. Kf1 Qh1+ 39. Ke2 Qe4+ 40. Kf1 1/2-1/2

[Event "Late-Titled-Tuesday-Blitz-August-29-2023"]
[Site "Chess.com"]
[Date "2023.08.29"]
[Round "6"]
[White "laskakid"]
[Black "Maili15"]
[Result "0-1"]
[WhiteElo "2172"]
[BlackElo "2342"]
[TimeControl "180+1"]
[EndTime "15:05:38 PDT"]
[Termination "Maili15 won by resignation"]

1. d4 Nf6 2. c4 g6 3. Nc3 d5 4. e3 Bg7 5. cxd5 Nxd5 6. Nxd5 Qxd5 7. Ne2 O-O 8. Nc3 Qa5 9. Be2 Rd8 10. O-O c5 11. d5 e6 12. e4 exd5 13. exd5 Nd7 14.
Bg5 Nf6 15. Bf3 h6 16. Bf4 Be6 17. Qb3 Bf5 18. Qxb7 Qb4 19. d6 Qxf4 20. Rad1 c4 21. Qc7 Rac8 22. Qxa7 Bd3 23. Rfe1 Qxd6 24. Re3 Qb8 25.
Qa3 Re8 26. b4 Rxe3 27. fxe3 Qe5 28. Qc1 Re8 29. a4 Nd7 30. a5 Qxc3 31. Qxc3 Bxc3 32. a6 Bxb4 33. a7 Nb6 34. Ra1 Bc5 35. Ra6 Bxe3+ 36. Kh1 Bc5 37. h4 Bd6 38. g3 Bc5 39. Ra5 Bd4 40.
Rb5 c3 41. Rxb6 Bxb6 42. a8=Q Rxa8 43. Bxa8 c2 44. Kg2 c1=Q 0-1

[Event "Late-Titled-Tuesday-Blitz-August-29-2023"]
[Site "Chess.com"]
[Date "2023.08.29"]
[Round "6"]
[White "grzechu96"]
[Black "simplerXiao"]
[Result "0-1"]
[WhiteElo "2686"]
[BlackElo "2535"]
[TimeControl "180+1"]
[EndTime "15:05:40 PDT"]
[Termination "simplerXiao won by resignation"]

1. e4 c5 2. Nf3 e6 3. g3 Nc6 4. Bg2 d5 5. exd5 exd5 6. d4 Nf6 7. O-O cxd4 8. Nxd4 Be7 9. h3 O-O 10. Be3 Ne5 11.
Nd2 Bc5 12. c3 h6 13. Ne6 Bxe6 14. Bxc5 Re8 15. Bd4 Nc6 16. Nb3 Ne4 17. Re1 Bf5 18. Qf3 Qd7 19. g4 Bg6 20. Rad1 Qc7 21. Be3 Rad8 22. Bf4 Qb6 23. Qe3 Qb5 24. h4 a5 25.
h5 Bh7 26. Qe2 Qb6 27. Nd4 Nf6 28. Qf3 Qxb2 29. Nxc6 bxc6 30. Bxh6 Be4 31. Qf4 Qxc3 32. Bg5 Bxg2 33. Kxg2 Rxe1 34. Rxe1 Qxe1 35. h6 Qe4+ 36. Kg3 Qxf4+ 37. Kxf4 Re8 38. hxg7 Kxg7 39. Kf5 Ne4 40. Be3 c5 41. f3 d4 42. Bf4 Nc3 43. Bd6 Na4 44. f4 d3 45. Be5+ Rxe5+ 46. fxe5 d2 47. e6 fxe6+ 48. Kxe6 d1=Q 49. g5 Qg4+ 0-1

[Event "Late-Titled-Tuesday-Blitz-August-29-2023"]
[Site "Chess.com"]
[Date "2023.08.29"]
[Round "6"]
[White "FedaMaster"]
[Black "dosto07"]
[Result "1-0"]
[WhiteElo "2689"]
[BlackElo "2502"]
[TimeControl "180+1"]
[EndTime "15:05:40 PDT"]
[Termination "FedaMaster won on time"]

1. e4 e5 2. d4 exd4 3. Bc4 Nc6 4. Nf3 Bc5 5. O-O d6 6. b4 Bb6 7. a4 a6 8. a5 Ba7 9. b5 Ne5 10.
Nxe5 dxe5 11. bxa6 bxa6 12. f4 d3+ 13. Kh1 Qd4 14.
Ra4 Qd7 15. cxd3 Nh6 16. fxe5 O-O 17. Bxh6 gxh6 18. Rxf7 Rxf7 19. e6 Qxe6 20. Bxe6 Bxe6 21. Nd2 Raf8 22. h3 Be3 23. Qe2 Ba7 24. d4 Bd7 25.
Rb4 c5 26. Rb7 Bb5 27. Qg4+ Kh8 28. Rxf7 Rxf7 29. dxc5 Bxc5 30. Qc8+ Bf8 31. Nf3 Kg7 32. Qc3+ Kg8 33. e5 Be7 34. Qc8+ Bf8 35. Qg4+ Rg7 36.
Qe6+ Rf7 37. Nd4 Bd7 38. Qd5 Kg7 39. e6 Rf1+ 40. Kh2 Be8 41. Nf5+ Kf6 42. Ne3 Rf4 43. Kg3 1-0

[Event "Late-Titled-Tuesday-Blitz-August-29-2023"]
[Site "Chess.com"]
[Date "2023.08.29"]
[Round "6"]
[White "Alexei_Gubajdullin"]
[Black "whiteglovethief"]
[Result "0-1"]
[WhiteElo "2610"]
[BlackElo "2462"]
[TimeControl "180+1"]
[EndTime "15:05:40 PDT"]
[Termination "whiteglovethief won on time"]

1. d4 d5 2. Nf3 e6 3. Bf4 Nf6 4.
Nbd2 Bd6 5. Bg3 O-O 6. e3 c5 7. c3 b6 8. Bd3 Qc7 9. Ne5 Bb7 10. f4 Ne4 11. Bxe4 dxe4 12. Ndc4 Nd7 13. Nxd6 Qxd6 14. f5 exf5 15. Nxf7 Qe7 16. Ne5 Nxe5 17. Bxe5 cxd4 18. cxd4 Ba6 19. Qb3+ Kh8 20. Rc1 Rac8 21. Kd2 Qg5 22. Bg3 h5 23. Qa3 Bd3 24. Qd6 f4 25. exf4 Qg4 26.
Rhe1 h4 27. Rc7 hxg3 28. hxg3 Rcd8 29. Qe5 Rf6 30. d5 Qxg3 31. Rh1+ Kg8 32. Qh5 Qxf4+ 33. Kd1 Qxc7 34. Qh8+ Kf7 35. Qh5+ Ke7 36. Qe5+ Qxe5 0-1

[Event "Late-Titled-Tuesday-Blitz-August-29-2023"]
[Site "Chess.com"]
[Date "2023.08.29"]
[Round "6"]
[White "ajgreen"]
[Black "Djager97"]
[Result "1-0"]
[WhiteElo "2431"]
[BlackElo "2572"]
[TimeControl "180+1"]
[EndTime "15:05:41 PDT"]
[Termination "ajgreen won on time"]

1. e4 e5 2. Nf3 Nc6 3. d4 exd4 4. Nxd4 Qh4 5. Nc3 Bb4 6. Nb5 Qxe4+ 7. Be2 Bxc3+ 8. bxc3 Kd8 9. O-O Nf6 10. Nd4 Nxd4 11.
cxd4 d6 12. Bf3 Qg6 13. c4 Bg4 14. Bf4 Re8 15. Rb1 Rb8 16. Bg3 Bxf3 17. Qxf3 Qe4 18. Qa3 a6 19. c5 d5 20. c6 b6 21. Qxa6 Qc2 22. Qa7 Rc8 23. Rbc1 Qf5 24. h3 Ne4 25. Bh2 Re6 26. f3 Nd2 27. Rfe1 Nc4 28. Qa4 Ke7 29. Bg3 Kf8 30. Rxe6 fxe6 31. Re1 Kg8 32. Kh2 h5 33. Qb4 Rf8 34. Qe7 Rf6 35. Qxc7 Rg6 36. Re2 Qd3 37. Rf2 Kh7 38. Be5 Ne3 39. Qxb6 Nf1+ 40. Kg1 Ne3 41. Qb2 Nd1 42. Qd2 Nxf2 43. Qxf2 Qd1+ 44. Kh2 Qc1 45. c7 1-0

[Event "Late-Titled-Tuesday-Blitz-August-29-2023"]
[Site "Chess.com"]
[Date "2023.08.29"]
[Round "6"]
[White "bascheyaro"]
[Black "HansOnTwitch"]
[Result "1-0"]
[WhiteElo "2832"]
[BlackElo "2988"]
[TimeControl "180+1"]
[EndTime "15:05:42 PDT"]
[Termination "bascheyaro won on time"]

1. d4 Nf6 2. Nf3 d5 3. Bf4 c5 4. e3 Nc6 5. Be2 Nh5 6. Be5 e6 7. a3 f6 8. Bg3 cxd4 9. exd4 g6 10. Nbd2 Ng7 11. c4 Nf5 12. cxd5 exd5 13. O-O h5 14. Nh4 Kf7 15. Ndf3 Qb6 16. Nxf5 Bxf5 17. b4 Re8 18. Rc1 a6 19. Bd3 Bxd3 20. Qxd3 Qb5 21. Qb3 Na5 22.
Rc7+ Re7 23. Ng5+ fxg5 24. Qf3+ Kg8 25. bxa5 Rxc7 26. Bxc7 Bg7 27. Be5 Qc6 28. Re1 Bxe5 29. dxe5 Kg7 30. e6 Rf8 31. Qe3 g4 32. Qe5+ Kg8 33.
Qg5 Qe8 34. Qxd5 Qe7 35. g3 Rf5 36. Qd7 Kf8 37. Rc1 Re5 38. Rc8+ 1-0

[Event "Late-Titled-Tuesday-Blitz-August-29-2023"]
[Site "Chess.com"]
[Date "2023.08.29"]
[Round "6"]
[White "Zkid"]
[Black "XiaoKangZhong"]
[Result "1-0"]
[WhiteElo "2839"]
[BlackElo "2550"]
[TimeControl "180+1"]
[EndTime "15:05:42 PDT"]
[Termination "Zkid won on time"]

1. e4 d5 2. exd5 Qxd5 3. Nc3 Qa5 4. d4 Nf6 5. Nf3 Bf5 6. Bd2 e6 7. Bc4 Bb4 8. a3 Bxc3 9. Bxc3 Qb6 10. O-O O-O 11. a4 a5 12. Qe2 Rd8 13. Ra3 Nc6 14.
Rb3 Qa7 15. Bb5 Ne7 16. Ne5 Ne4 17. Rd1 Nxc3 18. bxc3 Nd5 19. Qf3 Nb6 20. Bd3 f6 21. Bxf5 exf5 22. Nd3 g6 23. Nc5 Rab8 24. g4 fxg4 25.
Qxf6 Nd5 26. Qe6+ Kg7 27. Qe5+ Kg8 28. c4 Nb4 29. c3 Nc6 30. Qe6+ Kg7 31. Re1 Rf8 32.
Qxg4 Rf7 33. Ne6+ Kg8 34. Ng5 Rf6 35. Re6 Rbf8 36. Rxf6 Rxf6 37. Qc8+ Kg7 38. Qxc7+ Kh6 39. h4 Kh5 40. Qxh7+ Kg4 41. Qd7+ Kf4 42. Qh3 Nxd4 43. cxd4 1-0

[Event "Late-Titled-Tuesday-Blitz-August-29-2023"]
[Site "Chess.com"]
[Date "2023.08.29"]
[Round "6"]
[White "Giorno"]
[Black "Defenstrator"]
[Result "1-0"]
[WhiteElo "2467"]
[BlackElo "2274"]
[TimeControl "180+1"]
[EndTime "15:05:42 PDT"]
[Termination "Giorno won by resignation"]

1. d4 d6 2. c4 Kd7 3. Nc3 Kc6 4. Nf3 a6 5. g3 Kb6 6. d5 Ka7 7. a4 Nd7 8. a5 e5 9. dxe6 fxe6 10. Bg2 Ngf6 11.
O-O Nc5 12. b4 Nce4 13. Nxe4 Nxe4 14. Qd4+ c5 15. Qxe4 d5 16. cxd5 exd5 17. Qc2 cxb4 18. Be3+ Kb8 19. Bb6 Qd6 20. Rac1 Qc6 21. Qd2 Qf6 22.
Bc7+ Ka7 23. Qe3+ b6 24. Bxb6+ Kb8 25. Ne5 Bd6 26. Nc6+ Kb7 27. Bxd5 Bh3 28. Nxb4+ Kb8 29. Bxa8 Bxb4 30. Bg2 Bxg2 31. Kxg2 h5 32. Qf4+ Qxf4 33. gxf4 Bd6 34. e3 h4 35. Rfd1 Ba3 36. Rc3 Bb4 37.
Rcd3 Rh6 38. Rd8+ Kb7 39. R8d7+ Kc6 40. Rxg7 h3+ 41. Kf3 Kb5 42. Rg5+ Ka4 43. Ra1+ Kb3 44. Rb1+ Ka3 45. Rxb4 Kxb4 46. f5 Rf6 47. Kf4 Kc3 48. Rg6 Rf7 49. f6 Kd3 50. Bd4 Ke2 51. Rg7 Rf8 52.
e4 Kd3 53. Be5 Ke2 54. f7 Kxf2 55. Kf5 Rh8 56. Rg8 Rh5+ 57. Kf4 Rh4+ 58. Rg4 Rh8 59. Bxh8 1-0

[Event "Late-Titled-Tuesday-Blitz-August-29-2023"]
[Site "Chess.com"]
[Date "2023.08.29"]
[Round "6"]
[White "giomar27"]
[Black "NelsonLinda"]
[Result "0-1"]
[WhiteElo "2267"]
[BlackElo "2464"]
[TimeControl "180+1"]
[EndTime "15:05:43 PDT"]
[Termination "NelsonLinda won on time"]

1. e4 g6 2. Nc3 c6 3. Bc4 Bg7 4. d4 d6 5. Nf3 b5 6. Bb3 a5 7. a4 b4 8. Ne2 d5 9. e5 e6 10. Bg5 Qb6 11. O-O Nd7 12. Qd2 h6 13.
Be3 Ne7 14. g4 Ba6 15. Ne1 h5 16. h3 c5 17. dxc5 Qc7 18. Nd3 Bxd3 19. cxd3 Nxe5 20.
f4 N5c6 21. d4 hxg4 22. hxg4 Rh4 23. g5 Nf5 24. Kf2 O-O-O 25. Rh1 Rdh8 26. Rxh4 Rxh4 27. Kg2 Qd8 28. Bf2 Qh8 29. Bxh4 Qxh4 30. Rh1 Qg4+ 31. Kf2 Ncxd4 32. Nxd4 Bxd4+ 33. Ke1 Qg3+ 34. Kd1 Qf3+ 35. Kc2 Qxh1 36. c6 Qe4+ 37. Kc1 Be3 0-1

[Event "Late-Titled-Tuesday-Blitz-August-29-2023"]
[Site "Chess.com"]
[Date "2023.08.29"]
[Round "6"]
[White "eldur16"]
[Black "Fleetw00dMac"]
[Result "1-0"]
[WhiteElo "2634"]
[BlackElo "2471"]
[TimeControl "180+1"]
[EndTime "15:05:44 PDT"]
[Termination "eldur16 won on time"]

1. e4 e5 2. Nf3 Nc6 3. Bb5 a6 4. Ba4 Nf6 5. O-O Be7 6. Re1 b5 7. Bb3 d6 8. c3 O-O 9. d4 Bg4 10. d5 Na5 11. Bc2 c6 12. h3 Bc8 13.
dxc6 Qc7 14. Nbd2 Qxc6 15. Nf1 Be6 16. Ng3 Rfc8 17. Bd3 h6 18. Nh4 Bf8 19. Nhf5 Kh7 20.
Qf3 Ng8 21. Ne3 Nc4 22. Nd5 Kh8 23. a4 Na5 24. axb5 axb5 25. Be3 Nb3 26. Rxa8 Rxa8 27. Qe2 Rb8 28. Nb4 Qb7 29. f4 exf4 30. Bxf4 Nc5 31.
Bc2 Bc4 32. Qd2 Re8 33. Bxd6 Rd8 34. e5 Nb3 35. Qf4 Bxd6 36. exd6 Qb6+ 37. Kh1 Qxd6 38. Qe4 Nf6 39. Qf3 Nd2 40. Qf2 Nb3 41. Nf5 Qf8 42. Nxh6 Nc5 43. Nf5 Ne6 44. Qh4+ Kg8 45. Re3 Rd2 46.
Rg3 1-0